 Dungeon Crawl Stone Soup version 0.22.1-2-g9c5b331 (webtiles) character file.

46 Lilu the Conjurer (level 3, -4/19 HPs)
             Began as a Deep Elf Conjurer on Nov 12, 2018.
             Slain by a worker ant (5 damage)
             ... on level 2 of the Dungeon.
             The game lasted 00:05:14 (1544 turns).

Lilu the Conjurer (Deep Elf Conjurer)               Turns: 1544, Time: 00:05:15

Health: -4/19      AC:  2    Str:  5    XL:     3   Next: 44%
Magic:  1/10       EV: 19    Int: 20    God:
Gold:   67         SH:  0    Dex: 20    Spells: 6/9 levels left

rFire    . . .     SeeInvis .   f - +0 hunting sling
rCold    . . .     Gourm    .   (no shield)
rNeg     . . .     Faith    .   a - +0 robe
rPois    .         Spirit   .   (no helmet)
rElec    .         Reflect  .   (no cloak)
rCorr    .         Harm     .   (no gloves)
MR       .....                  (no boots)
Stlth    ++++......             (no amulet)
HPRegen  0.06/turn              (no ring)
MPRegen  0.12/turn              (no ring)

@: agile, lethally poisoned (-4 -> -11), very slightly contaminated
A: no striking features
a: no special abilities


You were on level 2 of the Dungeon.
You were not hungry.

You visited 1 branch of the dungeon, and saw 2 of its levels.

You collected 67 gold pieces.

Inventory:

Hand Weapons
 f - a +0 hunting sling (weapon)
Missiles
 i - 6 sling bullets (quivered)
Armour
 a - a +0 robe (worn)
Scrolls
 k - a scroll of identify
 l - a scroll of fog {unknown}
 n - a scroll of teleportation
Potions
 d - 3 potions of cancellation
 g - a potion of flight {unknown}
 h - a potion of curing {unknown}
 j - a potion of invisibility {unknown}
 m - a potion of mutation {unknown}
Comestibles
 b - 7 chunks of flesh
 c - 3 rations


   Skills:
 + Level 3.0 Dodging
 + Level 3.1 Stealth
 + Level 3.5 Spellcasting
 * Level 5.0 Conjurations


You had 6 spell levels left.
You knew the following spells:

 Your Spells              Type           Power        Failure   Level  Hunger
a - Magic Dart            Conj           ###.         1%          1    None
b - Searing Ray           Conj           ###...       2%          2    ##.....

Your spell library contained the following spells:

 Spells                   Type           Power        Failure   Level  Hunger
 Corona                   Hex            #......      14%         1    None
 Dazzling Spray           Conj/Hex       ##....       14%         3    ###....
 Iskenderun's Mystic Bla  Conj           ###.....     17%         4    ####...
 Ensorcelled Hibernation  Hex/Ice        #.....       21%         2    ##.....
 Confuse                  Hex            #.......     38%         3    ###....
 Tukima's Dance           Hex            #.......     38%         3    ###....
 Force Lance              Conj/Tloc      ##......     43%         4    ####...
 Fulminant Prism          Conj/Hex       ##........   43%         4    ####...


Dungeon Overview and Level Annotations

Branches:
Dungeon (2/15)

Altars:
Okawaru
Trog


Message History

The worker ant is severely wounded.
The worker ant closely misses you. The worker ant bites you.
* * * LOW HITPOINT WARNING * * *
Casting: Searing Ray (safe; 2% risk of failure)
Confirm with . or Enter, or press ? or * to list all spells.
Aiming: Searing Ray (safe; 2% risk of failure)
Press: ? - help, Shift-Dir - straight line, f/p - worker ant
Aim: a worker ant (severely wounded)
You miscast Searing Ray.
You are very lightly contaminated with residual magic.
The air around you crackles with energy!
The worker ant bites you.
* * * LOW HITPOINT WARNING * * *
You are lethally poisoned!
The worker ant poisons you!
It was a potion of agility.
You feel agile all of a sudden.
* * * LOW HITPOINT WARNING * * *
You feel sick. The worker ant bites you.
You die...

#.###########.# #.#
#.################# #.#
#...........)......
###.#############################
>...............................#
.##.#....###############....###.#
+##+#....# #.....##.#
.........###############...#.##.#
......(.....(..a@................
.....###################...#..#.#
#####..a.... ..#................#
....... .........#.#####...#
####### #..........# .....#
####.###.#.#.####..# +..<.....#.#
...#..# ####...#.#.####.#..#
+...+............


You could see a worker ant.

Vanquished Creatures
  2 worms (D:2)
  2 dart slugs
  A leopard gecko (D:1)
  2 ball pythons (D:1)
  5 giant cockroaches
  4 hobgoblins (D:1)
  8 jackals
  2 bats
  A frilled lizard (D:1)
  2 kobolds
  2 rats (D:1)
31 creatures vanquished.

Notes
Turn   | Place    | Note
-------+----------+-------------------------------------------
     0 | D:1      | Lilu the Deep Elf Conjurer began the quest for the Orb.
     0 | D:1      | Reached XP level 1. HP: 10/10 MP: 6/6
   343 | D:1      | Reached XP level 2. HP: 15/15 MP: 1/8
  1106 | D:1      | Reached XP level 3. HP: 19/19 MP: 5/9
  1225 | D:2      | Found a bloodstained altar of Trog.
  1227 | D:2      | Found an iron altar of Okawaru.
  1285 | D:2      | Learned a level 2 spell: Searing Ray
  1334 | D:2      | Reached skill level 5 in Conjurations
  1544 | D:2      | Slain by a worker ant

Skill      XL: |  1  2  3 |
---------------+----------+-----
Stealth        | 3 |  3.1
Conjurations   | 5 |  5.0
Dodging        | 3 |  3.0
Spellcasting   | |  3.5

Action                   || total
-------------------------++-------
Melee: Unarmed           ||     7
 Fire: Hunting sling     ||    10
 Cast: Magic Dart        ||    79
       Searing Ray       ||     3
  Use: Scroll            ||     2
       Potion            ||     2
  Eat: Chunk             ||     2
Armor: Robe              ||    11
Dodge: Dodged            ||    39
